 Dungeon Crawl Stone Soup version 0.30-a0-279-g4b46babb21 (webtiles) character file.

Game seed: 618740353257285159

35 brightshaft the Charlatan (level 3, 26/26 HPs)
             Began as a Demonspawn Artificer on Oct 17, 2022.
             Got out of the dungeon alive.
             The game lasted 00:02:57 (631 turns).

brightshaft the Charlatan (Demonspawn Artificer)     Turns: 631, Time: 00:02:58

Health: 26/26      AC:  3    Str: 14    XL:     3   Next: 16%
Magic:  3/3        EV: 11    Int: 12    God:
Gold:   68         SH:  0    Dex: 13    Spells: 2/2 levels left

rFire   . . .      SeeInvis .    i - +0 short sword
rCold   . . .      Faith    .    (no shield)
rNeg    . . .      Spirit   .    b - +0 leather armour
rPois   .          Reflect  .    (no helmet)
rElec   .          Harm     .    (no cloak)
rCorr   .          Rampage  .    (no gloves)
Will    .....                    (no boots)
Stlth   ++........               (no amulet)
HPRegen 0.24/turn                (no ring)
MPRegen 0.08/turn                (no ring)

@: no status effects
A: powered by pain 2
a: no special abilities


You escaped.
You visited 1 branch of the dungeon, and saw 1 of its levels.

You collected 68 gold pieces.

Inventory:

Hand Weapons
 i - a +0 short sword (weapon)
Armour
 b - a +0 leather armour (worn)
Wands
 c - a wand of flame (6) (quivered) {@v2}
 d - a wand of charming (15)
 e - a wand of iceblast (5)
Scrolls
 a - a scroll of teleportation {unknown}
 f - a scroll of enchant weapon {unknown}
 g - a scroll of blinking {unknown}
Potions
 h - a potion of ambrosia {unknown}
 j - 2 potions of curing {unknown}


   Skills:
 + Level 1.6 Fighting
 + Level 2.1 Armour
 + Level 1.4 Dodging
 + Level 1.5 Stealth
 + Level 3.3 Evocations


You had 2 spell levels left.
You didn't know any spells.
Your spell library was empty.

Dungeon Overview and Level Annotations

Branches:
Dungeon (1/15)

Altars:


Innate Abilities, Weirdness & Mutations

You sometimes gain power by taking damage.


Message History

Found a chain mail.
There is an open door here.
The hobgoblin closely misses you. The rat bites you but does no damage.
You hit the hobgoblin. Your punch misses the hobgoblin.
The hobgoblin is severely wounded.
The hobgoblin closely misses you. The rat bites you but does no damage.
You hit the hobgoblin.
You kill the hobgoblin!
The rat closely misses you.
You hit the rat.
The rat is heavily wounded.
The rat closely misses you.
You hit the rat.
You kill the rat!
The giant cockroach completely misses you.
You hit the giant cockroach but do no damage.
The giant cockroach closely misses you.
You hit the giant cockroach.
The giant cockroach is heavily wounded.
The giant cockroach closely misses you.
You hit the giant cockroach.
The giant cockroach is almost dead.
The giant cockroach barely misses you. x2
You closely miss the giant cockroach.
The giant cockroach is almost dead.
The giant cockroach barely misses you.
You closely miss the giant cockroach.
The giant cockroach is almost dead.
The giant cockroach bites you.
You completely miss the giant cockroach.
The giant cockroach is almost dead.
The giant cockroach misses you.
You hit the giant cockroach.
You kill the giant cockroach!
No target in view!
You open the door.
There is an open door here.
There is a staircase leading out of the dungeon here.
Are you sure you want to leave the Dungeon?
This will make you lose the game!
You have escaped!

#.....≈.°.........###...
###........(#...........
#..#...#..#.....##....
#.........#...#.###...
#.........##....# #...
#..#...#..#.....###...
#.........#.....##.>..
#.........#.....#.....
#....@....#.......#.÷.
#############..........
#.##.# ##...#......
#.##...#####...........
#.# #....##.......##.)
#.## ###.#...#....#...
#..# #................
##.# #..........#.##..
#.# #..........#..##.


There were no monsters in sight!

Vanquished Creatures
  A gnoll (D:1)
  2 endoplasms (D:1)
  3 giant cockroaches (D:1)
  2 goblins (D:1)
  4 hobgoblins (D:1)
  2 kobolds (D:1)
  A quokka (D:1)
  2 ball pythons (D:1)
  A bat (D:1)
  4 rats (D:1)
22 creatures vanquished.

Notes
Turn   | Place    | Note
-------+----------+-------------------------------------------
     0 | D:1      | brightshaft the Demonspawn Artificer began the quest for
                  | the Orb.
     0 | D:1      | Reached XP level 1. HP: 15/15 MP: 1/1
    30 | D:1      | Reached skill level 1 in Dodging
    30 | D:1      | Reached skill level 1 in Stealth
   174 | D:1      | Gained mutation: You sometimes gain a little power by
                  | taking damage. [demonic ancestry]
   174 | D:1      | Reached XP level 2. HP: 20/21 MP: 2/2
   203 | D:1      | Found a faded altar of an unknown god.
   405 | D:1      | Gained mutation: You sometimes gain power by taking damage.
                  | [demonic ancestry]
   405 | D:1      | Reached XP level 3. HP: 11/26 MP: 3/3
   631 | D:$      | Got out of the dungeon alive.

Illustrated notes

Levels and vault maps discovered:
D:1:      shiori_arrival_oz, layout_rooms, serial_forest,
          infiniplex_forest_clump_tiny, infiniplex_forest_lined_2,
          infiniplex_forest_straight_2, infiniplex_forest_straight_4,
          infiniplex_forest_clump_double, hellmonk_ecumenical_altar_run_dry,
          serial_bayou_pond_a, minivault_27, moated_statue, dk_noncrumbling_4

Skill      XL: |  1  2 |
---------------+-------+-----
Dodging        | 1 |  1.4
Stealth        | 1 |  1.5
Armour         | 2 |  2.1
Fighting       | |  1.6
Evocations     | |  3.3

Action                   || total
-------------------------++-------
Melee: Club              ||    23
       Punch             ||     1
       Short sword       ||    44
Evoke: Wand              ||     9
Armor: Leather armour    ||    23
Dodge: Dodged            ||    39

Table legend: (Time is in decaauts)
 A = Elapsed time spent in this place.
 B = Non-inter-level travel time spent in this place.
 C = Inter-level travel time spent in this place.
 D = Time resting spent in this place.
 E = Time spent auto-exploring this place.
 F = Levels seen in this place.
 G = Mean time per level.
                   A        B        C        D        E       F      G
               +--------+--------+--------+--------+--------+-----+--------+
         Total |    637 |    615 |     22 |      0 |    423 |   1 |  637.0 |
       Dungeon |    637 |    615 |     22 |      0 |    423 |   1 |  637.0 |
               +--------+--------+--------+--------+--------+-----+--------+

Top non-repeatable levels by time:
     D:1: 637 daAuts
